 Dungeon Crawl Stone Soup version 0.28-a0-1038-g9c4cb8273d (webtiles) character file.

Game seed: 14634088829210084316

6574 siradein the Fighter (level 11, 0/148 HPs)
             Began as a Hill Orc Fighter on Dec 9, 2021.
             Was a Follower of Yredelemnul.
             Succumbed to a killer bee's poison
             ... on level 9 of the Dungeon.
             The game lasted 00:28:31 (10524 turns).

siradein the Fighter (Hill Orc Fighter)            Turns: 10524, Time: 00:28:32

Health: 0/148      AC: 19    Str: 22    XL:     11   Next: 1%
Magic:  14/14      EV:  5    Int:  8    God:    Yredelemnul [*.....]
Gold:   298        SH: 10    Dex: 12    Spells: 10/10 levels left

rFire   . . .      SeeInvis +   x - +2 morningstar (venom)
rCold   . . .      Faith    .   d - +0 kite shield
rNeg    . . .      Spirit   .   h - +0 plate armour
rPois   .          Reflect  .   k - +0 helmet
rElec   .          Harm     .   v - scarf {repulsion}
rCorr   .          Rampage  .   p - +0 pair of gloves
Will    .....                   j - +1 pair of boots
Stlth   ..........              (no amulet)
HPRegen 0.34/turn               o - ring of flight
MPRegen 0.14/turn               A - ring of see invisible

@: berserking, lethally poisoned (0 -> -15), attractive, flying, repel missiles,
very quick
A: no striking features
a: Renounce Religion, Animate Remains


You were on level 9 of the Dungeon.
You worshipped Yredelemnul.
Yredelemnul was aware of your devotion.
You visited 2 branches of the dungeon, and saw 10 of its levels.

You collected 356 gold pieces.
You spent 58 gold pieces at shops.

Inventory:

Hand Weapons
 a - a +1 whip of electrocution
 x - a +2 morningstar of venom (weapon)
 B - a +1 vampiric whip
Missiles
 i - 8 javelins
 l - 53 poisoned darts
Armour
 d - a +0 kite shield (worn)
 h - a +0 plate armour (worn)
 j - a +1 pair of boots (worn)
 k - a +0 helmet (worn)
 p - a +0 pair of gloves (worn)
 v - a scarf of repulsion (worn)
Jewellery
 o - a ring of flight (left hand)
 q - a ring of fire
 A - a ring of see invisible (right hand)
 J - a ring of positive energy
Wands
 c - a wand of polymorph (7)
 r - a wand of flame (17)
 u - a wand of iceblast (3)
Scrolls
 b - a scroll of summoning {unknown}
 f - 12 scrolls of identify {unknown}
 g - a scroll of amnesia {unknown}
 n - 2 scrolls of teleportation {unknown}
 t - 3 scrolls of fog {unknown}
 w - a scroll of silence {unknown}
 y - a scroll of enchant weapon {unknown}
 z - a scroll of fear {unknown}
 C - a scroll of brand weapon {unknown}
 F - a scroll of immolation {unknown}
 H - a scroll of acquirement {unknown}
 I - a scroll of holy word {unknown}
 K - a scroll of vulnerability {unknown}
Potions
 e - 2 potions of curing
 m - 2 potions of cancellation
 s - 3 potions of haste
 G - a potion of flight {unknown}


   Skills:
 + Level 9.7 Fighting
 + Level 8.5 Maces & Flails
 + Level 8.9 Armour
 + Level 8.8 Shields
 + Level 4.7 Invocations
 + Level 5.5 Evocations


You had 10 spell levels left.
You didn't know any spells.
Your spell library contained the following spells:

 Spells                   Type           Power      Damage    Failure   Level
 Animate Skeleton         Necr           0%         N/A       100%        1
 Pain                     Necr           0%         1d4       100%        1
 Summon Small Mammal      Summ           0%         N/A       100%        1
 Passwall                 Tmut/Erth      0%         N/A       100%        2
 Call Canine Familiar     Summ           0%         N/A       100%        3
 Ozocubu's Armour         Ice            0%         N/A       100%        3
 Summon Guardian Golem    Hex/Summ       0%         N/A       100%        3
 Swiftness                Air            0%         N/A       100%        3
 Vampiric Draining        Necr           0%         2d6       100%        3
 Statue Form              Tmut/Erth      0%         N/A       100%        6
 Necromutation            Tmut/Necr      0%         N/A       100%        8


Dungeon Overview and Level Annotations

Branches:
Dungeon (9/15)             Temple (1/1) D:7            Lair (0/6) D:8
    Orc: D:9-12

Altars:
Ashenzari
Cheibriados
Dithmenos
Elyvilon
Fedhas
Gozag
Hepliaklqana
Kikubaaqudgha
Makhleb
Nemelex Xobeh
Okawaru
Qazlal
Ru
Sif Muna
Trog
Uskayaw
Vehumet
Wu Jian
Xom
Yredelemnul
Zin
The Shining One

Shops:
D:5 [


Message History

Your magical effects are unravelling.
You feel magically purged.
You feel yourself slow down.
* * * LOW HITPOINT WARNING * * *
You feel sick. The killer bee stings you.
* * * LOW HITPOINT WARNING * * *
You are more poisoned.
The killer bee poisons you! You block the killer bee's attack.
It was a potion of curing.
You feel better. You block the killer bee's attack.
The killer bee stings you but does no damage.
The killer bee barely misses you. x2
Okay, then.
You miss the killer bee.
The killer bee is lightly wounded.
The killer bee barely misses you.
The killer bee stings you but does no damage.
You block the killer bee's attack. x2; The killer bee stings you.
* * * LOW HITPOINT WARNING * * *
You miss the killer bee.
The killer bee is lightly wounded.
You block the killer bee's attack.
The killer bee stings you but does no damage.
The killer bee barely misses you. x2; The killer bee stings you.
* * * LOW HITPOINT WARNING * * *
You are lethally poisoned!
The killer bee poisons you!
It was a potion of attraction.
You feel attractive to monsters.
* * * LOW HITPOINT WARNING * * *
You feel very sick. You block the killer bee's attack.
The killer bee stings you.
* * * LOW HITPOINT WARNING * * *
You are more poisoned.
The killer bee poisons you! You block the killer bee's attack.
The killer bee stings you but does no damage.
It was a potion of berserk rage.
A red film seems to cover your vision as you go berserk!
You feel yourself moving faster!
You feel mighty!
You die...
Your body rises from the dead as a mindless zombie.

#..#.# #...........#.#
#..... ##<............#
#..(.####...(<..........
#......##.............# .
.....................# #..
.....................###...
......#.#........y...#.....
......#.##.)....@##......#
.(...#.....)..###yy.....##.
)...##.......#####y).......
))..###.#.....Z###.))##....
........##.##.Z.......# ..
..#........###...........#
..#.(...##.# #..>#......##
..##...###......##......#
.......# .......###.....#


You could see 4 killer bees.

Vanquished Creatures
  A komodo dragon (D:8)
  2 hornets
  A wyvern (D:7)
  8 yaks (D:8)
  Eustachio (D:4)
  A steam dragon (D:8)
  4 water moccasins
  A hornet zombie (D:8)
  5 orc warriors
  3 ogres
  2 sky beasts (D:7)
  A necrophage (D:5)
  4 centaurs
  A bullfrog (D:8)
  5 scorpions
  A water moccasin zombie (D:5)
  2 killer bees (D:9)
  8 wights
  A howler monkey (D:7)
  3 bullfrog zombies
  2 centaur zombies
  10 orc priests
  A centaur skeleton (D:5)
  3 hounds
  2 jellies
  4 gnoll shamans
  4 iguanas
  9 orc wizards
  17 gnolls
  11 adders
  A shadow imp (D:4)
  A white imp (D:6)
  An adder skeleton (D:4)
  A worm (D:2)
  3 dart slugs
  51 orcs
  6 endoplasms
  5 giant cockroaches
  9 hobgoblins
  6 quokkas
  7 ball pythons
  9 bats
  3 frilled lizards
  9 goblins
  7 kobolds
  A rat (D:1)
238 creatures vanquished.

Vanquished Creatures (collateral kills)
  A wyvern (D:8)
1 creature vanquished.

Vanquished Creatures (others)
  An orc wizard (D:8)
  2 hornet zombies
  6 orc zombies
  A water moccasin zombie (D:8)
  A yak zombie (D:8)
  48 fungi (D:8)
  35 plants (D:8)
94 creatures vanquished.

Grand Total: 333 creatures vanquished

Notes
Turn   | Place    | Note
-------+----------+-------------------------------------------
     0 | D:1      | siradein the Hill Orc Fighter began the quest for the Orb.
     0 | D:1      | Reached XP level 1. HP: 19/19 MP: 1/1
   320 | D:1      | Reached XP level 2. HP: 18/27 MP: 2/2
   647 | D:1      | Reached skill level 4 in Fighting
   650 | D:1      | Found a faded altar of an unknown god.
   658 | D:1      | Reached XP level 3. HP: 31/33 MP: 3/3
  1517 | D:2      | Reached XP level 4. HP: 40/40 MP: 4/4
  1937 | D:2      | Noticed a scorpion
  1955 | D:2      | Killed a scorpion
  1956 | D:2      | Reached XP level 5. HP: 8/47 MP: 5/5
  3194 | D:4      | Reached skill level 5 in Fighting
  3194 | D:4      | Reached XP level 6. HP: 53/56 MP: 6/6
  3461 | D:4      | Found a glowing silver altar of Zin.
  3582 | D:4      | Noticed a water moccasin
  3596 | D:4      | Killed a water moccasin
  3597 | D:4      | Reached skill level 5 in Armour
  3597 | D:4      | Reached skill level 5 in Shields
  3597 | D:4      | Reached XP level 7. HP: 55/61 MP: 7/7
  3790 | D:4      | Noticed Eustachio
  3808 | D:4      | Killed Eustachio
  3844 | D:5      | Entered Level 5 of the Dungeon
  3906 | D:5      | Reached skill level 6 in Fighting
  3954 | D:5      | Reached skill level 5 in Maces & Flails
  3988 | D:4      | Reached XP level 8. HP: 64/71 MP: 8/8
  4691 | D:5      | Reached skill level 7 in Fighting
  4770 | D:5      | Found an ornate altar of the Wu Jian Council.
  4815 | D:5      | Reached skill level 1 in Evocations
  5265 | D:5      | Found Ittinen's Armour Shop.
  5270 | D:5      | Bought a +0 kite shield for 58 gold pieces
  5609 | D:6      | Reached XP level 9. HP: 53/79 MP: 9/9
  6258 | D:6      | Identified the +8 quarterstaff "Xoxuuk" {venom, rN++ rCorr
                  | Int+2}
  6815 | D:6      | Reached skill level 8 in Fighting
  7722 | D:7      | Got the Handbook of Icy Moulding
  7800 | D:7      | Found a staircase to the Ecumenical Temple.
  7809 | Temple   | Entered the Ecumenical Temple
  8355 | D:7      | Found a basalt altar of Yredelemnul.
  8363 | D:7      | Became a worshipper of Yredelemnul the Dark
  8623 | D:8      | Reached skill level 1 in Invocations
  8623 | D:8      | Reached XP level 10. HP: 78/90 MP: 10/10
  8695 | D:8      | Found a white marble altar of Elyvilon.
  8935 | D:8      | Reached skill level 9 in Fighting
  9320 | D:8      | Reached * piety under Yredelemnul
  9520 | D:8      | Found a staircase to the Lair.
  9783 | D:8      | Reached skill level 5 in Evocations
 10437 | D:9      | Reached XP level 11. HP: 99/99 MP: 10/14
 10523 | D:9      | HP: 4/99 [poisoned by a killer bee]
 10524 | D:9      | Succumbed to a killer bee's poison

Illustrated notes

Levels and vault maps discovered:
D:1:      saegor_arrival_simple_c, layout_loops_ring,
          shapermc_ecumenical_altar_pompeii
D:2:      minmay_skewed_foursquare, layout_loops_cross
D:3:      layout_rooms
D:4:      layout_rooms, lemuel_round_altar, uniq_eustachio
D:5:      layout_cave_pools, kennysheep_mini_moat, serial_shops,
          nicolae_shop_hallway_plus, minmay_misc_feat_enclosed,
          minmay_quadrilaterals
D:6:      minmay_general_purpose_star, layout_loops_corners,
          nicolae_figureground_pulse
D:7:      layout_cave_pools, mainiacjoe_overflow_small_starburst,
          minmay_temple_entry_poolview, serial_glass, glass_columns_a,
          glass_columns_c, minmay_strange_pillars, feat_on_display,
          feat_on_display, due_unseen_surprise, grunt_ministairs_3,
          grunt_decor_resistance, abandoned_shop, nrook_pool_corridor
D:8:      layout_basic, elyvilon_altar_5, due_lair_maze_entry_diamond
D:9:      layout_cave_pools, david_orc_5, minivault_10, uniq_erolcha
Temple:   eino_narrow_crystal_temple

Skill      XL: |  1  2  3  4  5  6  7  8  9 10 |
---------------+-------------------------------+-----
Fighting       | 4 5 6 7 8 9 |  9.7
Maces & Flails | 3 4 5 6 7 8 |  8.5
Armour         | 4 5 6 7 8 |  8.9
Shields        | 4 5 6 7 8 |  8.8
Evocations     | 2 4 5 |  5.5
Invocations    | 1 4 |  4.7

Action                   |  1- 3 |  4- 6 |  7- 9 | 10-12 || total
-------------------------+-------+-------+-------+-------++-------
Melee: Flail             |   124 |    87 |       |       ||   211
       Morningstar       |       |    39 |   293 |   151 ||   483
       Whip              |       |    91 |   121 |    57 ||   269
Throw: Dart              |       |     6 |     7 |       ||    13
       Javelin           |       |     3 |       |       ||     3
Invok: Animate Remains   |       |       |       |    14 ||    14
  Use: Potion            |       |       |       |     5 ||     5
Armor: Chain mail        |    33 |       |       |       ||    33
       Scale mail        |     6 |       |       |       ||     6
       Plate armour      |    52 |   154 |   347 |   112 ||   665
Dodge: Dodged            |    35 |    64 |   126 |    40 ||   265
Block: Buckler           |    22 |    60 |    81 |       ||   163
       Kite shield       |       |       |    83 |   109 ||   192

Table legend: (Time is in decaauts)
 A = Elapsed time spent in this place.
 B = Non-inter-level travel time spent in this place.
 C = Inter-level travel time spent in this place.
 D = Time resting spent in this place.
 E = Time spent auto-exploring this place.
 F = Levels seen in this place.
 G = Mean time per level.
                   A        B        C        D        E       F      G
               +--------+--------+--------+--------+--------+-----+--------+
         Total |  10679 |  10497 |    182 |   1068 |   7223 |  10 | 1067.9 |
       Dungeon |  10492 |  10310 |    182 |   1068 |   7058 |   9 | 1165.8 |
        Temple |    187 |    187 |      0 |      0 |    165 |   1 |  187.0 |
               +--------+--------+--------+--------+--------+-----+--------+

Top non-repeatable levels by time:
     D:6: 2137 daAuts
     D:8: 1707 daAuts
     D:2: 1501 daAuts
     D:5: 1236 daAuts
     D:1: 1157 daAuts
     D:4: 1129 daAuts
     D:7: 747 daAuts
     D:3: 593 daAuts
     D:9: 281 daAuts
  Temple: 187 daAuts
